 Dungeon Crawl Stone Soup version 0.30-a0-1112-gfb780f5df6 (webtiles) character file.

Game seed: 16174281064571879771

95 Juicyj the Shield-Bearer (level 4, -5/41 HPs)
             Began as a Minotaur Fighter on Apr 19, 2023.
             Killed from afar by an orc wizard (8 damage)
             ... with a puff of flame
             ... on level 3 of the Dungeon.
             The game lasted 00:03:04 (1287 turns).

Juicyj the Shield-Bearer (Minotaur Fighter)         Turns: 1287, Time: 00:03:04

Health: -5/41      AC:  7    Str: 22    XL:     4   Next: 39%
Magic:  3/3        EV:  9    Int:  5    God:
Gold:   51         SH:  0    Dex: 10    Spells: 3/3 levels left

rFire   . . .      SeeInvis .    a - +0 war axe
rCold   . . .      Faith    .    c - +0 buckler
rNeg    . . .      Spirit   .    b - +0 scale mail
rPois   .          Reflect  .    (helmet restricted)
rElec   .          Rampage  .    (no cloak)
rCorr   .                        (no gloves)
Will    .....                    (no boots) Stlth
                                 (no amulet)
HPRegen 0.26/turn                (no ring)
MPRegen 0.08/turn                (no ring)

@: confused
A: horns 2, retaliatory headbutt
a: no special abilities


You were on level 3 of the Dungeon.
You visited 1 branch of the dungeon, and saw 3 of its levels.

You collected 51 gold pieces.

Inventory:

Hand Weapons
 a - a +0 war axe (weapon)
Missiles
 i - 6 boomerangs (quivered)
Armour
 b - a +0 scale mail (worn)
 c - a +0 buckler (worn)
Scrolls
 e - a scroll of poison {unknown}
 h - 4 scrolls of identify {unknown}
Potions
 d - 2 potions of might
 f - a potion of lignification {unknown}
 g - 3 potions of curing {unknown}
 j - 2 potions of magic {unknown}


   Skills:
 - Level 4.4 Fighting
 + Level 3.6 Axes
 - Level 4.4 Armour
 - Level 4.4 Shields


You had 3 spell levels left.
You didn't know any spells.
Your spell library was empty.

Dungeon Overview and Level Annotations

Branches:
Dungeon (3/15)

Altars:


Innate Abilities, Weirdness & Mutations

You have a pair of horns on your head.
You reflexively headbutt those who attack you in melee.


Message History

Deactivating autopickup; reactivate with Ctrl-A.
The orc wizard completely misses you. You furiously retaliate!
You headbutt the orc wizard! The orc hits you with a +0 club.
The orc hits you but does no damage.
You hit the orc.
You kill the orc!
You slash the orc!
You kill the orc!
You closely miss the orc wizard.
A magic dart appears from out of thin air!
The magic dart hits you! You block the orc wizard's attack.
You block something's attack.
The orc wizard hits you but does no damage.
You see here a +0 short sword.
You closely miss the orc wizard.
The orc wizard is severely wounded.
You closely miss something. Something hits you but does no damage.
The orc wizard hits you but does no damage.
You hit the orc wizard.
The orc wizard is almost dead.
You miss something.
You hear some strange, mumbled words.
You are confused.
The orc wizard gestures at you while chanting.
The puff of flame misses you. The puff of flame hits you! Something hits you.
The orc wizard hits you but does no damage.
Something hits you.
You hear some strange, mumbled words.
A puff of flame appears from out of thin air!
The puff of flame hits you!
The orc wizard hits you but does no damage.
You're too confused to move!
The orc wizard gestures at you while chanting.
The puff of flame hits you!
* * * LOW HITPOINT WARNING * * *
You're too confused to move!
You hear some strange, mumbled words.
A puff of flame appears from out of thin air!
The puff of flame hits you!
You die...

#....................#
#..........######....#
#....>..........+....#
#..........###### ...#
#..........# ..#
#..........# ..#
#..........#
#....#########
#...##.)@#...#
#[..#..#o{#
#.....#..#..#
#...##..#..#..#
##..##...#...##
#)..######### #...
#.... #....


You could see an orc wizard.

Vanquished Creatures
  3 adders
  A worm (D:2)
  2 orcs (D:3)
  3 endoplasms (D:1)
  2 giant cockroaches
  9 goblins
  6 hobgoblins
  3 jackals (D:2)
  3 quokkas
  6 ball pythons
  7 bats
  5 frilled lizards
  7 kobolds
  3 rats (D:1)
60 creatures vanquished.

Notes
Turn   | Place    | Note
-------+----------+-------------------------------------------
     0 | D:1      | Juicyj the Minotaur Fighter began the quest for the Orb.
     0 | D:1      | Reached XP level 1. HP: 19/19 MP: 0/0
    30 | D:1      | Reached XP level 2. HP: 14/27 MP: 1/1
   597 | D:2      | Reached XP level 3. HP: 33/33 MP: 2/2
   830 | D:2      | Reached XP level 4. HP: 39/41 MP: 3/3
  1287 | D:3      | Killed from afar by an orc wizard

Illustrated notes

Levels and vault maps discovered:
D:1:      dpeg_arrival_arbitrary_c, layout_rooms
D:2:      minmay_diamond_boxcup, layout_loops_ring, item_on_display_a
D:3:      layout_basic, fiery_altar_vehumet, marbit_many_paths,
          nicolae_figureground_pulse

Skill      XL: |  1  2 |
---------------+-------+-----
Fighting       | 4 |  4.4
Shields        | 4 |  4.4
Armour         | 4 |  4.4
Axes           | 3 |  3.6

Action                     |  1- 3 |  4- 6 || total
---------------------------+-------+-------++-------
  Melee: War axe           |    71 |    26 ||    97
         Headbutt          |     5 |     2 ||     7
 Armour: Scale mail        |    31 |    21 ||    52
  Dodge: Dodged            |    30 |    17 ||    47
  Block: Buckler           |    20 |     7 ||    27

Table legend: (Time is in decaauts)
 A = Elapsed time spent in this place.
 B = Non-inter-level travel time spent in this place.
 C = Inter-level travel time spent in this place.
 D = Time resting spent in this place.
 E = Time spent auto-exploring this place.
 F = Levels seen in this place.
 G = Mean time per level.
                   A        B        C        D        E       F      G
               +--------+--------+--------+--------+--------+-----+--------+
         Total |   1323 |   1206 |    117 |      0 |    921 |   3 |  441.0 |
       Dungeon |   1323 |   1206 |    117 |      0 |    921 |   3 |  441.0 |
               +--------+--------+--------+--------+--------+-----+--------+

Top non-repeatable levels by time:
     D:2: 730 daAuts
     D:1: 534 daAuts
     D:3: 58 daAuts
